 Dungeon Crawl Stone Soup version 0.28.0-1-gb440e238dd (webtiles) character file.

Game seed: 16361142284093839011

65 GordonOverkill the Charlatan (level 3, -1/30 HPs)
             Began as a Deep Elf Artificer on Feb 19, 2022.
             Succumbed to Robin's poison
             ... on level 2 of the Dungeon.
             The game lasted 00:03:57 (2844 turns).

GordonOverkill the Charlatan (Deep Elf Artificer)   Turns: 2844, Time: 00:03:58

Health: -1/30      AC:  5    Str: 10 (11) XL:     3   Next: 94%
Magic:  5/5        EV: 11    Int: 12 (15) God:
Gold:   37         SH:  0    Dex: 14 (15) Spells: 2/2 levels left

rFire   . . .      SeeInvis .   f - +0 short sword
rCold   . . .      Faith    .   (no shield)
rNeg    . . .      Spirit   .   g - +0 ring mail
rPois   .          Reflect  .   (no helmet)
rElec   .          Harm     .   (no cloak)
rCorr   .          Rampage  .   (no gloves)
Will    .....                   (no boots)
Stlth   ..........              (no amulet)
HPRegen 0.10/turn               (no ring)
MPRegen 0.09/turn               (no ring)

@: berserking, lethally poisoned (-1 -> -17), very quick
A: no striking features
a: no special abilities


You were on level 2 of the Dungeon.
You visited 1 branch of the dungeon, and saw 2 of its levels.

You collected 37 gold pieces.

Inventory:

Hand Weapons
 f - a +0 short sword (weapon)
Armour
 g - a +0 ring mail (worn)
Wands
 d - a wand of charming (9)
Scrolls
 a - 2 scrolls of noise {unknown}
 h - a scroll of acquirement {unknown}
 i - a scroll of identify {unknown}
Miscellaneous
 e - a piece from Xom's chessboard (11/15)


   Skills:
 - Level 1.0 Fighting
 - Level 1.0 Armour
 - Level 3.0 Dodging
 - Level 2.0 Stealth
 + Level 4.7 Evocations


You had 2 spell levels left.
You didn't know any spells.
Your spell library was empty.

Dungeon Overview and Level Annotations

Branches:
Dungeon (2/15)

Altars:
Cheibriados


Message History

You hit Robin.
Robin is moderately wounded.
You feel sick. The goblin barely misses you.
You hit Robin but do no damage.
Robin is moderately wounded.
You feel sick.
Robin hits you with a +1 spear of venom.
You are more poisoned.
The goblin closely misses you.
It was a potion of degeneration.
There was something very wrong with that liquid.
You feel weakened.
You feel dopey.
You feel clumsy.
You feel sick. Robin hits you but does no damage.
You are lethally poisoned!
The goblin hits you but does no damage.
It was a potion of berserk rage.
A red film seems to cover your vision as you go berserk!
You feel yourself moving faster!
You feel mighty!
You feel very sick. The goblin closely misses you.
Robin roars a battlecry!
The goblin goes into a battle-frenzy!
You hit Robin.
Robin is heavily wounded.
You feel sick. The goblin hits you but does no damage.
You hit Robin.
Robin is severely wounded.
You feel sick.
Robin hits you with a +1 spear of venom.
* * * LOW HITPOINT WARNING * * *
You are more poisoned.
You barely miss Robin.
Robin is severely wounded.
* * * LOW HITPOINT WARNING * * *
You feel very sick. The goblin hits you with a +0 club.
* * * LOW HITPOINT WARNING * * *
You hit Robin.
You kill Robin!
You die...

##.##.######......♣ ♣♣♣♣......
##.#..# #......♣ ♣♣♣♣.♣♣......
##...## #.....)♣♣♣.♣.♣♣♣...##.
....## #.................####
###)# #....>..##....#...#### #g#
#.......#####......... #)#
#.......######.....### #.#
#..............###.##.
###g########...)@g.<.............
.......#..)...###.####.#######...
.......#.###### #.###..# #....
......g..# ###.....## #....
.......### ##....#### #....
.......# #..#.## #....
.......#######.#..# #####....
.......#.........## ####........
.........######.######....###....


You could see a goblin (strong).

Vanquished Creatures
  Jessica (D:2)
  Robin (D:2)
  2 endoplasms (D:2)
  A giant cockroach (D:2)
  7 goblins (D:2)
  4 hobgoblins (D:2)
  6 jackals (D:2)
  A quokka (D:2)
  4 kobolds (D:2)
  3 rats (D:2)
30 creatures vanquished.

Vanquished Creatures (collateral kills)
  2 goblins (D:2)
  A hobgoblin (D:2)
  A kobold (D:1)
  A bat (D:2)
5 creatures vanquished.

Vanquished Creatures (others)
  An endoplasm (D:2)
  A ball python (D:2)
2 creatures vanquished.

Grand Total: 37 creatures vanquished

Notes
Turn   | Place    | Note
-------+----------+-------------------------------------------
     0 | D:1      | GordonOverkill the Deep Elf Artificer began the quest for
                  | the Orb.
     0 | D:1      | Reached XP level 1. HP: 11/11 MP: 3/3
   928 | D:2      | Reached skill level 1 in Fighting
   928 | D:2      | Reached skill level 1 in Armour
  1156 | D:2      | Reached XP level 2. HP: 8/16 MP: 4/4
  2256 | D:2      | Found a snail-covered altar of Cheibriados.
  2313 | D:2      | Reached XP level 3. HP: 6/20 MP: 5/5
  2367 | D:2      | Reached skill level 4 in Evocations
  2580 | D:2      | Noticed Jessica
  2589 | D:2      | Killed Jessica
  2787 | D:2      | Noticed Robin
  2843 | D:2      | HP: 1/30 [goblin[Robin] (1)]
  2844 | D:2      | Killed Robin
  2844 | D:2      | Succumbed to Robin's poison

Illustrated notes

Levels and vault maps discovered:
D:1:      minmay_arrival_arboretum_large, layout_rooms, minmay_domino_4
D:2:      layout_rooms, chequers_ecumenical_altar_grove, basic_altar,
          grunt_ministairs_9, uniq_jessica, uniq_robin

Skill      XL: |  1  2  3 |
---------------+----------+-----
Fighting       | 1 |  1.0
Armour         | 1 |  1.0
Stealth        | 2 |  2.0
Dodging        | 3 |  3.0
Evocations     | 4 |  4.7

Action                   || total
-------------------------++-------
Melee: Short sword       ||   109
       Club              ||     8
       Punch             ||     2
Evoke: Wand              ||    21
       Piece from Xom's  ||     5
  Use: Potion            ||     2
 Stab: Petrified         ||     4
       Paralysed         ||     2
Armor: Leather armour    ||    24
       Ring mail         ||    17
Dodge: Dodged            ||    84
